 Dungeon Crawl Stone Soup version 0.17-a0-2073-gde5cdba (webtiles) character file.

156863 septik the Warrior (level 17, -6/172 HPs)
             Began as a Minotaur Berserker on Oct 15, 2015.
             Was the Champion of Trog.
             Blown up by an orb spider (30 damage)
             ... with an orb of destruction
             ... on level 4 of the Spider Nest.
             The game lasted 03:24:48 (33704 turns).

septik the Warrior (Minotaur Berserker)            Turns: 33704, Time: 03:24:48

Health: -6/172     AC: 31    Str: 22    XL:     17   Next: 11%
Magic:  11/16      EV: 18    Int:  7    God:    Trog [******]
Gold:   2466       SH:  0    Dex: 23    Spells: 0 memorised, 16 levels left

rFire  . . .     SeeInvis +     P - +10 hand crossbow "Nexzuj" {penet, rC+ MR- SInv}
rCold  + + +     Clarity  .     h - +4 plate armour
rNeg   . . .     SustAt   .     (no shield)
rPois  +         Gourm    +     U - +0 hat {MR+}
rElec  .         Spirit   .     q - +2 cloak {MR+}
rCorr  .         Warding  .     H - +2 pair of gloves
rMut   .         Stasis   .     n - +2 pair of boots of the Raven {Dex+2}
MR     ++...                    I - amulet of the gourmand
Stlth  ..........               y - ring of protection from cold
                                V - ring "Mabef" {rPois rC+ Int+3 Dex+4 SInv}

@: very resistant to hostile enchantments, extremely unstealthy
A: retaliatory headbutt, horns 2
a: Burn Spellbooks, Berserk, Trog's Hand, Brothers in Arms, Renounce Religion


You were on level 4 of the Spider Nest.
You worshipped Trog.
Trog was exalted by your worship.
You were not hungry.

You visited 4 branches of the dungeon, and saw 31 of its levels.
You also visited: Labyrinth, Sewer and Ice Cave.

You collected 3026 gold pieces.
You spent 560 gold pieces at shops.

Inventory:

Hand Weapons
 w - the +4 demon whip of Calculation {venom, +Fly rN++}
   (Trog gifted it to you on level 4 of the Orcish Mines)

   It poisons the flesh of those it strikes.
   It greatly protects you from negative energy.
   It lets you fly.
 P - the +10 hand crossbow "Nexzuj" (weapon) {penet, rC+ MR- SInv}
   (Trog gifted it to you on level 2 of the Orcish Mines)

   Ammo fired by it will pass through the targets it hits, potentially hitting
   all targets in its path until it reaches maximum range.
   It protects you from cold.
   It affects your resistance to hostile enchantments.
   It lets you see invisible.
Missiles
 b - 20 bolts (quivered)
Armour
 h - a +4 plate armour (worn)
 n - the +2 pair of boots of the Raven (worn) {Dex+2}
   (You found it on level 2 of the Spider Nest)

   It affects your dexterity (+2).
 q - a +2 cloak of magic resistance (worn)
 v - a +2 shield of protection
 E - a +2 plate armour of cold resistance
 H - a +2 pair of gloves (worn)
 U - a +0 hat of magic resistance (worn)
Jewellery
 f - an uncursed amulet of guardian spirit {unknown}
 k - an uncursed amulet of guardian spirit {unknown}
 m - an uncursed ring of protection from fire
 o - a +2 ring of evasion {unknown}
 y - a ring of protection from cold (right hand)
 C - an uncursed ring of fire
 I - an amulet of the gourmand (around neck)
 L - an uncursed amulet of resist mutation
 V - the ring "Mabef" (left hand) {rPois rC+ Int+3 Dex+4 SInv}
   (You found it on level 8 of the Dungeon)

   [ring of poison resistance]

   It affects your intelligence (+3).
   It affects your dexterity (+4).
   It protects you from cold.
   It protects you from poison.
   It lets you see invisible.
Wands
 d - a wand of teleportation (1)
 J - a wand of enslavement (15)
 Q - a wand of flame (32)
 R - a wand of paralysis (12)
 Y - a wand of digging (9)
 Z - a wand of paralysis (7)
Scrolls
 a - 3 scrolls of identify
 e - 2 scrolls of blinking
 i - 6 scrolls of fog
 l - 6 scrolls of remove curse
 r - 6 scrolls of teleportation
 t - 6 scrolls of enchant weapon
 u - a scroll of acquirement {unknown}
 O - 2 scrolls of magic mapping
 W - a scroll of enchant armour
Potions
 j - 6 potions of resistance
 p - 4 potions of cure mutation
 z - 17 potions of curing
 A - 4 potions of agility
 B - 7 potions of heal wounds
 G - 3 potions of might {unknown}
 M - 4 potions of brilliance {unknown}
 S - 2 potions of cancellation {unknown}
 X - 4 potions of invisibility {unknown}
Comestibles
 c - 10 bread rations
 g - a royal jelly
 s - 9 beef jerkies
 x - 13 meat rations
 F - 7 slices of pizza
 T - 28 fruits


   Skills:
 * Level 20.6 Fighting
 - Level 12.0 Maces & Flails
 + Level 15.0 Armour
 + Level 14.3 Dodging
 * Level 17.0 Shields


You had 16 spell levels left.
You didn't know any spells.

Dungeon Overview and Level Annotations

Branches:
Dungeon (15/15)            Temple (0/1) D:7            Lair (8/8) D:10
 Shoals (0/4) Lair:4       Spider (4/4) Lair:5        Slime (0/6) Lair:7
    Orc (4/4) D:11            Elf (0/3) Orc:4        Vaults (0/5) D:13
 Depths (0/5) D:15

Altars:
Ashenzari
Dithmenos
Elyvilon
Gozag
Makhleb
Nemelex Xobeh
Sif Muna
Trog
The Shining One
Beogh

Shops:
D:11 *   D:12 =   D:14 (   Orc:4 ==*=

Annotations:
D:12 2 runed doors


Innate Abilities, Weirdness & Mutations

You reflexively headbutt those who attack you in melee.
You have a pair of horns on your head.


Message History

Press: ? - help, Shift-Dir - straight line, f/p - orb spider
Aim: an orb spider (heavily wounded)
You shoot a bolt.
The bolt pierces through the orb spider!
The orb spider is almost dead.
The orb spider weaves a glowing orb of energy.
Firing (i - inventory):
b - 22 bolts (quivered)
Press: ? - help, Shift-Dir - straight line, f/p - orb spider
Aim: an orb spider (almost dead)
You shoot a bolt. The bolt barely misses the orb spider.
The orb spider spins a strand of pure energy.
Firing (i - inventory):
b - 21 bolts (quivered)
Press: ? - help, Shift-Dir - straight line, f/p - orb spider
Aim: an orb spider (almost dead)
You shoot a bolt.
The bolt pierces through the orb spider!
You kill the orb spider!
Trog accepts your kill. The orb of destruction hits you!
You die...

..# ......≈.†....^((.. .^#
....≈.^.).(^.....^ ..##
....#^....^#..}.^ ##.# ...
#≈.†..^#....^ #.# #...†..#
.^.^ ##.# #.†.§..# ...
..## #...§.## ..# ..#
#^.§.^# ..## #..@..#.....#
...## .. #..(..#.....
.#..# ^!.. #^...^#....#
....# ^^..^#.....#.^^.#
.<.## ^....#....^#.^^.#
#..### ^.^....^.....^^≈#
#....###^^..............#
###.^.s.##............####
#........#...............#


There were no monsters in sight!

Vanquished Creatures
  Rupert (Lair:7)
  Asterion (Spider:1)
  5 ghost moths
  Maud (Lair:4)
  An emperor scorpion (Spider:1)
  The ghost of George the Fencer, a journeyman MiFi of the Shining One (IceCv)
  8 vault guards (D:13)
  Josephine (Lair:5)
  A minotaur (Lab)
  The ghost of hansproleman the Basher, a journeyman MiBe of Trog (D:11)
  5 entropy weavers
  Fannar (D:12)
  5 hydras
  Harold (Lair:2)
  A rakshasa (D:15)
  8 centaur warriors
  2 catoblepae
  13 death yaks
  Erolcha (Orc:3)
  2 tengu warriors (D:13)
  An ogre mage (D:15)
  Urug (Orc:3)
  A giant orange brain (D:15)
  3 unseen horrors
  5 hill giants
  3 ice statues (IceCv)
  Pikel (D:4)
  12 orc knights
  9 hornets
  19 orb spiders
  16 wolf spiders
  5 griffons
  14 ugly things
  5 manticores
  A moth of wrath (Spider:3)
  2 cyclopes
  4 elephants (Lair:8)
  Maurice (D:13)
  Joseph (D:7)
  A gargoyle (D:13)
  4 black mambas
  A torpor snail (Spider:3)
  10 spiny frogs
  4 fire drakes
  3 centaur skeletons
  4 demonic crawlers
  7 komodo dragons
  A two-headed ogre (D:9)
  25 jumping spiders
  2 merfolk (Lair:4)
  5 trolls
  Grinder (D:6)
  7 blink frogs
  2 slime creatures (D:15)
  A boulder beetle (Lair:7)
  14 trapdoor spiders
  26 redbacks
  A trapdoor spider (shapeshifter) (D:15)
  65 yaks
  22 tarantellas
  2 wyverns
  4 wraiths (Lair:5)
  A shadow (D:13)
  5 hungry ghosts
  3 basilisks
  3 deep elf magi
  A human (shapeshifter) (D:15)
  11 wolves
  20 hippogriffs
  10 wargs
  A hippogriff (shapeshifter) (D:15)
  A mottled dragon (D:15)
  13 water moccasins
  5 sky beasts
  6 porcupines
  Purgy (Sewer)
  55 orc warriors
  3 black bears
  12 ogres
  19 spiders
  10 ice beasts
  4 boggarts (D:15)
  2 phantoms
  A tengu (shapeshifter) (D:13)
  17 centaurs
  19 crocodiles
  21 giant frogs
  6 big kobolds
  A gnoll sergeant (D:11)
  2 wyvern skeletons
  9 killer bees
  9 wights
  3 crimson imps
  2 jellies
  10 iguanas
  29 orc priests
  2 giant frog skeletons
  31 orc wizards
  5 hounds
  2 worker ants (D:14)
  20 sheep
  A hound zombie (D:5)
  6 gnolls
  8 adders
  6 shadow imps
  34 river rats
  2 oozes (D:1)
  2 adder skeletons
  2 worms (D:2)
  208 orcs
  3 bats
  8 giant cockroaches
  A goblin (D:1)
  7 hobgoblins
  15 jackals
  5 quokkas
  2 ball pythons
  3 giant geckos
  A giant gecko skeleton (D:6)
  A giant gecko zombie (D:8)
  A giant newt (D:1)
  24 kobolds
  A quokka skeleton (D:5)
  7 rats
  A bush (Lair:8)
  A fungus (Lair:8)
  A plant (Lair:8)
1102 creatures vanquished.

Vanquished Creatures (collateral kills)
  2 catoblepae (Lair:8)
  A yak (Lair:8)
3 creatures vanquished.

Vanquished Creatures (others)
  A tarantella (Spider:4)
  A slave (D:4)
  A quokka (D:9)
  4 fungi
  14 plants
21 creatures vanquished.

Grand Total: 1126 creatures vanquished

Notes
Turn   | Place    | Note
--------------------------------------------------------------
     0 | D:1      | septik the Minotaur Berserker began the quest for the Orb.
     0 | D:1      | Reached XP level 1. HP: 19/19 MP: 0/0
    12 | D:1      | Reached skill level 4 in Maces & Flails
   103 | D:1      | Reached XP level 2. HP: 26/26 MP: 1/1
   666 | D:1      | Reached skill level 5 in Maces & Flails
   765 | D:1      | Found a sparkling altar of Nemelex Xobeh.
   797 | D:2      | Reached ** piety under Trog
   892 | D:2      | Found an opulent altar of Gozag.
   895 | D:2      | Reached XP level 3. HP: 26/31 MP: 2/2
   997 | D:2      | Found a bloodstained altar of Trog.
  1130 | D:2      | Found a shattered altar of Ashenzari.
  1577 | D:3      | Reached skill level 6 in Maces & Flails
  1577 | D:3      | Reached XP level 4. HP: 39/39 MP: 3/3
  2377 | D:4      | Found a glowing drain.
  2396 | D:4      | Noticed a slave
  2399 | Sewer    | Entered a sewer
  2485 | Sewer    | Noticed Purgy
  2491 | Sewer    | Killed Purgy
  2491 | Sewer    | Reached skill level 7 in Maces & Flails
  2491 | Sewer    | Reached XP level 5. HP: 34/45 MP: 4/4
  2650 | D:4      | Noticed Pikel
  2650 | D:4      | Noticed a slave
  2651 | D:4      | Noticed a slave
  2652 | D:4      | Noticed a slave
  2657 | D:4      | Killed Pikel
  2657 | D:4      | Reached *** piety under Trog
  2657 | D:4      | Reached skill level 10 in Maces & Flails
  2657 | D:4      | Reached XP level 6. HP: 51/51 MP: 5/5
  2657 | D:4      | Reached XP level 7. HP: 57/57 MP: 6/6
  2757 | D:4      | Found a deep blue altar of Sif Muna.
  2795 | D:4      | Noticed a phantom
  2795 | D:4      | Killed a freed slave
  2803 | D:4      | Killed a phantom
  3135 | D:5      | Entered Level 5 of the Dungeon
  3306 | D:5      | Got a faintly humming plate armour
  3317 | D:5      | Identified the cursed +1 plate armour of the Voivode {rPois rF+} (You found it on level 5 of the Dungeon)
  3491 | D:5      | Reached skill level 11 in Maces & Flails
  3788 | D:5      | Reached XP level 8. HP: 58/64 MP: 7/7
  4069 | D:6      | Reached skill level 12 in Maces & Flails
  4260 | D:6      | Noticed Grinder
  4260 | D:6      | Paralysed by Grinder for 7 turns
  4277 | D:6      | Killed Grinder
  4277 | D:6      | Reached **** piety under Trog
  4277 | D:6      | Reached skill level 5 in Fighting
  5078 | D:7      | Noticed Joseph
  5091 | D:7      | Killed Joseph
  5091 | D:7      | Reached XP level 9. HP: 79/79 MP: 8/8
  5208 | D:7      | Reached skill level 5 in Armour
  5386 | D:7      | Found a glowing golden altar of the Shining One.
  5386 | D:7      | Found a bloodstained altar of Trog.
  5522 | D:7      | Found a staircase to the Ecumenical Temple.
  5543 | D:7      | Reached skill level 5 in Dodging
  6118 | D:8      | Reached ***** piety under Trog
  6118 | D:8      | Reached XP level 10. HP: 52/93 MP: 9/9
  6297 | D:8      | Noticed a three-headed hydra
  6301 | D:8      | Killed a three-headed hydra
  6301 | D:8      | Reached skill level 10 in Fighting
  6421 | D:8      | Got a smoking ring mail
  6726 | D:8      | Got a vibrating silver ring
  7234 | D:9      | Noticed a manticore
  7243 | D:9      | Killed a manticore
  7261 | D:9      | Found a white marble altar of Elyvilon.
  7833 | D:9      | Found a shadowy altar of Dithmenos.
  7972 | D:9      | Reached XP level 11. HP: 104/104 MP: 10/10
  8030 | D:10     | Entered Level 10 of the Dungeon
  8070 | D:10     | Found a staircase to the Lair.
  8102 | D:10     | Identified the +2 ring mail of Valiance {*Corrode rC+++ rN++ SInv} (You found it on level 8 of the Dungeon)
  8168 | Lair:1   | Entered Level 1 of the Lair of Beasts
  8538 | Lair:1   | Received a gift from Trog
  9085 | Lair:1   | Reached skill level 13 in Fighting
  9279 | Lair:2   | Reached skill level 1 in Shields
  9508 | Lair:2   | Noticed Harold
  9523 | Lair:2   | Killed Harold
  9523 | Lair:2   | Received a gift from Trog
  9613 | Lair:2   | Noticed a four-headed hydra
  9623 | Lair:2   | Killed a four-headed hydra
  9739 | Lair:2   | Noticed an eight-headed hydra
 10211 | Lair:2   | Killed an eight-headed hydra
 10456 | Lair:3   | Reached skill level 5 in Shields
 10470 | Lair:3   | Identified the ring "Mabef" {rPois rC+ Int+3 Dex+4 SInv} (You found it on level 8 of the Dungeon)
 10731 | Lair:4   | Found a frozen archway.
 10755 | IceCv    | Entered an ice cave
 10772 | IceCv    | Reached XP level 12. HP: 74/116 MP: 3/11
 10782 | IceCv    | Reached skill level 10 in Armour
 11003 | IceCv    | Noticed an ice statue
 11003 | IceCv    | Noticed an ice statue
 11004 | IceCv    | Noticed an ice statue
 11013 | IceCv    | Killed an ice statue
 11013 | IceCv    | Reached skill level 14 in Fighting
 11021 | IceCv    | Noticed George's ghost (journeyman MiFi)
 11032 | IceCv    | Killed an ice statue
 11233 | IceCv    | Killed an ice statue
 11240 | IceCv    | Killed George's ghost
 11403 | Lair:4   | Noticed Maud
 11415 | Lair:4   | Killed Maud
 12192 | Lair:4   | Found a staircase to the Shoals.
 12703 | Lair:5   | Reached skill level 15 in Fighting
 12703 | Lair:5   | Reached skill level 10 in Dodging
 12706 | Lair:5   | Received a gift from Trog
 12901 | Lair:5   | Found a hole to the Spider Nest.
 13358 | Lair:5   | Noticed a catoblepas
 13364 | Lair:5   | Killed a catoblepas
 13508 | Lair:5   | Noticed Josephine
 13523 | Lair:5   | Killed Josephine
 13538 | Lair:5   | Reached XP level 13. HP: 110/127 MP: 12/12
 14341 | Lair:7   | Reached skill level 10 in Shields
 14348 | Lair:7   | Received a gift from Trog
 14482 | Lair:7   | Found a staircase to the Slime Pits.
 14717 | Lair:7   | Noticed Rupert
 14718 | Lair:7   | Paralysed by Rupert for 3 turns
 14738 | Lair:7   | Killed Rupert
 14738 | Lair:7   | Reached skill level 16 in Fighting
 15915 | Lair:8   | Entered Level 8 of the Lair of Beasts
 16254 | Lair:8   | Reached XP level 14. HP: 102/138 MP: 13/13
 16609 | Lair:8   | Received a gift from Trog
 17296 | Lair:8   | Reached skill level 17 in Fighting
 19337 | D:11     | Noticed hansproleman's ghost (journeyman MiBe)
 19340 | D:11     | Received a gift from Trog
 19369 | D:11     | Killed hansproleman's ghost
 19372 | D:11     | Got a warped eveningstar {god gift}
 19373 | D:11     | Identified the +4 eveningstar "Qiyreof" {holy, rF+ rN+ Int+3} (Trog gifted it to you on level 11 of the Dungeon)
 19703 | D:11     | Found a roughly hewn altar of Beogh.
 19756 | D:11     | Found a staircase to the Orcish Mines.
 19840 | D:11     | Found Katil's General Store.
 20028 | Orc:1    | Entered Level 1 of the Orcish Mines
 20364 | Orc:2    | Reached ****** piety under Trog
 20374 | Orc:2    | Received a gift from Trog
 20381 | Orc:2    | Got a bloodstained hand crossbow {god gift}
 20389 | Orc:2    | Identified the +10 hand crossbow "Nexzuj" {penet, rC+ MR- SInv} (Trog gifted it to you on level 2 of the Orcish Mines)
 21130 | Orc:3    | Noticed Erolcha
 21136 | Orc:3    | Killed Erolcha
 21833 | Orc:4    | Entered Level 4 of the Orcish Mines
 21878 | Orc:4    | Received a gift from Trog
 22043 | Orc:3    | Noticed Urug
 22059 | Orc:3    | Killed Urug
 22276 | Orc:3    | Found a burning altar of Makhleb.
 22663 | Orc:4    | Found a staircase to the Elven Halls.
 22869 | Orc:4    | Received a gift from Trog
 23052 | Orc:4    | Reached skill level 18 in Fighting
 23417 | Orc:4    | Found Gowkovu's Jewellery Emporium.
 23417 | Orc:4    | Found Yfieh's Jewellery Boutique.
 23529 | Orc:4    | Found a roughly hewn altar of Beogh.
 23687 | Orc:4    | Found Suxt's Assorted Antiques.
 23696 | Orc:4    | Reached XP level 15. HP: 145/149 MP: 14/14
 23708 | Orc:4    | Received a gift from Trog
 23711 | Orc:4    | Got a smoking demon whip {god gift}
 23712 | Orc:4    | Identified the +4 demon whip of Calculation {venom, +Fly rN++} (Trog gifted it to you on level 4 of the Orcish Mines)
 23742 | Orc:4    | Found Gewn's Jewellery Emporium.
 23788 | Orc:4    | Bought an uncursed amulet of resist mutation for 560 gold pieces
 24214 | D:12     | Found Piutar's Jewellery Boutique.
 24238 | D:12     | Noticed Fannar
 24277 | D:12     | Killed Fannar
 24478 | D:12     | Found a large runed door.
 24478 | D:12     | Found a large runed door.
 24483 | D:12     | You fall through a shaft!
 24764 | D:13     | Noticed Maurice
 24773 | D:13     | Killed Maurice
 24879 | D:13     | Found a gate to the Vaults.
 25053 | D:13     | Received a gift from Trog
 25538 | D:14     | Found Vyhoufya's Weapon Shoppe.
 26467 | D:15     | Entered Level 15 of the Dungeon
 26524 | D:15     | Found a labyrinth entrance.
 26537 | Lab      | Entered a labyrinth
 26677 | Lab      | Reached skill level 19 in Fighting
 26733 | Lab      | Reached skill level 15 in Shields
 26746 | Lab      | Got a dazzling leather armour
 26757 | Lab      | Identified the cursed +1 leather armour of Apathy {rF++ Dex+2} (You took it off a minotaur in a labyrinth)
 27408 | D:15     | Found a staircase to the Depths.
 27890 | D:15     | Received a gift from Trog
 28005 | D:15     | Reached XP level 16. HP: 142/160 MP: 15/15
 28994 | Spider:1 | Entered Level 1 of the Spider Nest
 29975 | Spider:1 | Noticed Asterion
 29998 | Spider:1 | Killed Asterion
 29998 | Spider:1 | Received a gift from Trog
 30752 | Spider:2 | Reached skill level 20 in Fighting
 30877 | Spider:2 | Got a pair of heavily runed boots
 30889 | Spider:2 | Identified the +2 pair of boots of the Raven {Dex+2} (You found it on level 2 of the Spider Nest)
 32075 | Spider:3 | Received a gift from Trog
 32599 | Spider:4 | Entered Level 4 of the Spider Nest
 33091 | Spider:4 | Reached XP level 17. HP: 143/171 MP: 16/16
 33118 | Spider:4 | HP: 6/171 [disintegration (28)]
 33149 | Spider:4 | HP: 6/171 [disintegration (21)]
 33647 | Spider:4 | Reached skill level 15 in Armour
 33683 | Spider:4 | Received a gift from Trog
 33704 | Spider:4 | Blown up by an orb spider

Vault maps used:
D:1:      dpeg_arrival_lava_altar, kennysheep_crisscross, hex_tiny,
          roderic_serpentine_path
D:2:      ashenzari_conservatory_becter, grunt_gozag_breadcrumbs,
          trog_three_pillars_becter
D:4:      lemuel_blue_sif_altar, gup_sewer_entry_glass, uniq_pikel
D:5:      first_bread
D:6:      hangedman_decor_clover_reticule, uniq_grinder
D:7:      gammafunk_temple_overflow_wave, uniq_joseph
D:8:      hangedman_ranch, lemuel_old_faithful
D:9:      kennysheep_mini, elyvilon_altar_4, dk_rats_in_the_wall
D:10:     lair_0_dummy
D:11:     david_orc_5, serial_shops, shop
D:12:     serial_shops, shop, lightli_elemental_guards, uniq_fannar
D:13:     erik_vaults_2, uniq_maurice
D:14:     serial_shops, nicolae_shop_stone, minmay_tree_intersection
D:15:     gammafunk_enter_depths_forms, lab_entry_generic
Lair:2:   uniq_harold
Lair:3:   serial_bayou, serial_bayou_pond_b, serial_bayou_lagoon_b,
          serial_bayou_pond_e, serial_bayou_shore_a, st_stairs_3
Lair:4:   elwin_shoals_entry_rooms, portal_ice_cave_entry_pillars_01, uniq_maud
Lair:5:   nicolae_spider_entry_tight_spaces, uniq_josephine
Lair:6:   lookout_lair_type, st_stairs_6, serial_bayou_pond_c, minmay_holes
Lair:7:   slime_dummy, hangedman_lair_unloving_vines,
          eino_small_chamber_without_monster, serial_bayou_pond_d, uniq_rupert
Lair:8:   evilmike_catoblepas_cave
Spider:1: uniq_asterion
Spider:3: spiders_nest_ghost_moth_duel
Spider:4: grunt_spider_rune_parallel, nicolae_spider_webs_and_nodes
Orc:1:    sword_in_stone
Orc:3:    nicolae_orc_pool_cavern, bloody_makhleb, uniq_erolcha, uniq_urug
Orc:4:    st_orc_town
Lab:      nicolae_lab_dead_adventurers, nicolae_lab_x,
          labyrinth_skeletal_remains, nicolae_lab_quarters, nicolae_lab_blocks,
          nicolae_lab_garden, nicolae_lab_checkerboard
Sewer:    kennysheep_door_sewer
IceCv:    ice_cave_statue_garden_02

Action                   |  1- 3 |  4- 6 |  7- 9 | 10-12 | 13-15 | 16-18 || total
-------------------------+-------+-------+-------+-------+-------+-------++-------
Melee: Mace              |     9 |       |       |       |   121 |       ||   130
       Whip              |    79 |    12 |   180 |       |       |       ||   271
       Flail             |       |    42 |   108 |   291 |   230 |       ||   671
       Great mace        |       |       |       |   231 |       |       ||   231
       Morningstar       |       |       |       |    76 |   342 |       ||   418
       Eveningstar       |       |       |       |       |   605 |       ||   605
       Demon whip        |       |       |       |       |   626 |   634 ||  1260
       Hand crossbow     |       |       |       |       |     3 |       ||     3
 Fire: Hand crossbow     |       |       |       |       |    26 |    48 ||    74
       Shortbow          |       |       |       |       |    12 |     8 ||    20
Invok: Berserk           |       |     2 |     7 |    11 |    11 |     1 ||    32
       Burn Spellbooks   |       |       |     1 |     3 |     3 |     1 ||     8
       Brothers in Arms  |       |       |       |       |     2 |       ||     2
  Use: Scroll            |       |     2 |     8 |    14 |    16 |     3 ||    43
       Potion            |       |       |       |       |     1 |     1 ||     2
  Eat: Bread ration      |     1 |       |     1 |     1 |     1 |     2 ||     6
       Chunk             |       |     2 |    20 |    27 |    57 |    12 ||   118
       Pizza             |       |       |       |     2 |       |       ||     2
       Beef jerky        |       |       |       |     1 |       |       ||     1
       Fruit             |       |       |       |       |     1 |       ||     1
